[Event "*** SCC Grand Prix: Titled Tuesday Blitz"]
[Site "Chess.com"]
[Date "2020.08.11"]
[Round "2"]
[White "ChronicUnhappiness"]
[Black "teacher4chess"]
[Result "1-0"]
[WhiteElo "2367"]
[BlackElo "2042"]
[TimeControl "180+1"]
[EndTime "10:19:21 PDT"]
[Termination "ChronicUnhappiness won by resignation"]

1. d4 d5 2. c4 c6 3. Nf3 Nf6 4.
e3 Bg4 5. Nc3 e6 6. Qb3 Qb6 7.
Ne5 Bf5 8. Bd2 Nbd7 9. Nxd7 Kxd7 10. Be2 Qxb3 11. axb3 Bb4 12. f3 h5 13. Kf2 Bc2 14. Bd1 Bxd1 15. Raxd1 Bxc3 16. bxc3 a5 17. Ra1 Ra7 18.
Ra2 Rha8 19. Rha1 b5 20. cxb5 cxb5 21. Ke2 a4 22. Kd3 Kc6 23. c4 dxc4+ 24. bxc4 bxc4+ 25. Kxc4 Nd5 26. e4 Nb6+ 27. Kb4 Kb7 28. Rc1 f5 29. Ka3 Rc8 30. Rb2 Rxc1 31. Bxc1 Kc6 32. Rb4 Ra5 33. Be3 Rb5 34. d5+ exd5 35. Bxb6 Rxb4 36. Kxb4 Kxb6 37.
exd5 a3 38. Kxa3 Kc5 39. Kb3 Kxd5 40. Kc3 f4 41. h4 g6 42. Kd3 Ke5 43. Kc4 Kf5 44.
Kd5 g5 45. hxg5 Kxg5 46. Ke5 h4 47. Ke4 h3 48. gxh3 Kh4 49. Kxf4 Kxh3 50. Kg5 Kg3 51. f4 Kf3 52. f5 Ke4 53. f6 Kf3 54. f7 Kg3 55. f8=Q Kh2 56. Qf3 Kg1 57. Qe2 Kh1 58.
Kg4 1-0

[Event "*** SCC Grand Prix: Titled Tuesday Blitz"]
[Site "Chess.com"]
[Date "2020.08.11"]
[Round "2"]
[White "DFeco"]
[Black "MFBerna"]
[Result "0-1"]
[WhiteElo "2163"]
[BlackElo "2405"]
[TimeControl "180+1"]
[EndTime "10:19:22 PDT"]
[Termination "MFBerna won by resignation"]

1. c4 Nf6 2. g3 e6 3. Bg2 d5 4. Nf3 Be7 5. O-O O-O 6. b3 c5 7. Bb2 Nc6 8. e3 b6 9. Nc3 Bb7 10. cxd5 Nxd5 11. Nxd5 exd5 12. d4 Ba6 13. Re1 c4 14. Ne5 Nxe5 15. dxe5 Bb4 16. Bxd5 Bxe1 17. Bxa8 Bxf2+ 18. Kxf2 Qxa8 19. bxc4 Rd8 20. Qc2 Bxc4 21. Rd1 Bxa2 22. Rd6 Rc8 23. Qd3 Be6 24. Bc3 h6 25. e4 Qb7 26. Rd8+ Rxd8 27. Qxd8+ Kh7 28. Qd3 a5 29.
Ke3 b5 30. Qd4 b4 31. Bd2 Qb5 32. Qd3 Qxe5 33. Qd4 Qg5+ 34. Ke2 Qh5+ 35. Ke1 Qxh2 36. e5 Qxg3+ 37. Kd1 Qg4+ 38. Qxg4 Bxg4+ 39. Kc2 Kg6 40. Kb3 Bd7 41. Kc4 Kf5 42. Kc5 h5 43. Kb6 b3 44.
Bc3 a4 45. Bb2 h4 46. Kc5 h3 47. Kd6 Be6 48. Ke7 h2 49. Kf8 h1=Q 0-1

[Event "*** SCC Grand Prix: Titled Tuesday Blitz"]
[Site "Chess.com"]
[Date "2020.08.11"]
[Round "2"]
[White "tylityli"]
[Black "elegant285"]
[Result "1-0"]
[WhiteElo "2169"]
[BlackElo "2389"]
[TimeControl "180+1"]
[EndTime "10:19:22 PDT"]
[Termination "tylityli won by resignation"]

1. d4 Nf6 2. c4 e6 3. Nc3 Bb4 4. e3 c5 5. Ne2 b6 6. a3 Ba5 7. Rb1 Na6 8. g3 Bb7 9. d5 b5 10. Bg2 bxc4 11. e4 O-O 12. O-O exd5 13. exd5 d6 14.
Qa4 Bb6 15. Qxc4 Nc7 16. Nf4 Ba6 17. Qa4 Bxf1 18. Bxf1 Qd7 19. Qc4 Rfe8 20. Bd2 Re5 21. Bh3 Qe8 22. Nd3 Re7 23. Bf4 Ne4 24. Bg2 Nxc3 25.
bxc3 Qd7 26. h4 Rae8 27. Kh2 Qd8 28. Bg5 f6 29. Bf4 Re2 30. Bf3 Rc2 31. Bd1 Qd7 32.
Bxc2 Re2 33. Bd1 Re7 34. Bf3 g6 35. Re1 Kg7 36. Rxe7+ Qxe7 37. Qe4 Qd7 38. Nb2 Nb5 39. a4 Nxc3 40. Qc4 Ba5 41. Bd2 Qf5 42. Kg2 Qc2 43. Bxc3 Bxc3 44. Nd3 Qd2 45. Nf4 Bd4 46. Ne6+ Kf7 47. Nxd4 cxd4 48. Be4 f5 49. Qc7+ Kf6 50. Qxd6+ Kg7 51. Qe5+ Kg8 52. Bf3 d3 53. d6 Qc2 54.
d7 1-0

[Event "*** SCC Grand Prix: Titled Tuesday Blitz"]
[Site "Chess.com"]
[Date "2020.08.11"]
[Round "2"]
[White "hansen"]
[Black "frederiksvane"]
[Result "1-0"]
[WhiteElo "2934"]
[BlackElo "2592"]
[TimeControl "180+1"]
[EndTime "10:19:23 PDT"]
[Termination "hansen won by resignation"]

1. e4 c5 2. Nf3 g6 3. Bc4 Bg7 4. O-O Nf6 5. d3 O-O 6. Re1 Nc6 7. h3 d5 8. exd5 Nxd5 9. a4 b6 10. c3 Bb7 11. Bg5 h6 12. Bh4 Qd7 13. Nbd2 Rad8 14. Bg3 Rfe8 15. Bb5 a6 16. Bc4 e5 17. Qb3 Na5 18. Qc2 Nf4 19. Bxf4 exf4 20. Rxe8+ Rxe8 21. Ba2 Rd8 22. d4 cxd4 23. Qxg6 Bd5 24. Bxd5 Qxd5 25.
Qxb6 dxc3 26. bxc3 Bxc3 27. Ra2 Rd6 28. Qb1 Re6 29. Rc2 Qd3 30. Qc1 Bf6 31. Kh2 Kg7 32. Rc7 Nb3 33. Nxb3 Qxb3 34. Qxf4 Qd5 35. Qg4+ Kf8 36. Rc8+ Ke7 37. Qb4+ Qd6+ 38. Qxd6+ Rxd6 39. Rc7+ Ke6 40. Ra7 Bc3 41. g3 a5 42. Kg2 Bb4 43.
g4 Rd3 44. Nh4 Ra3 45. Nf5 Rxa4 46. Nxh6 Ra2 47. Nxf7 Bc5 48. Ng5+ Kf6 49. Ne4+ Ke5 50. Nxc5 Rc2 51. Rxa5 1-0

[Event "*** SCC Grand Prix: Titled Tuesday Blitz"]
[Site "Chess.com"]
[Date "2020.08.11"]
[Round "2"]
[White "gusmaster2262"]
[Black "CaspiIsrael"]
[Result "0-1"]
[WhiteElo "2218"]
[BlackElo "2637"]
[TimeControl "180+1"]
[EndTime "10:19:23 PDT"]
[Termination "CaspiIsrael won on time"]

1. c4 e6 2. Nc3 Bb4 3. Nf3 Nf6 4. d4 c5 5. e3 cxd4 6. exd4 O-O 7. Bd3 d5 8. O-O dxc4 9. Bxc4 b6 10. Bg5 Bb7 11.
Re1 Nc6 12. Qd3 Be7 13. a3 h6 14. Bh4 Nh5 15. Bxe7 Nxe7 16. Rad1 Rc8 17. Ba6 Nf4 18. Qf1 Bxa6 19. Qxa6 Qc7 20. g3 Nfd5 21. Nb5 Qc4 22.
Ne5 Qb3 23. Nxa7 Ra8 24. Qb5 Qc2 25. Nac6 Nxc6 26. Nxc6 Rfc8 27. Ne5 Ra5 28. Qe2 Qf5 29. Rc1 Raa8 30. Qd2 f6 31. Rxc8+ Rxc8 32. Nd3 g5 33. Rc1 Rxc1+ 34. Nxc1 Qe4 35. Nb3 h5 36. h3 Kg7 37.
Qc1 Qd3 38. Nd2 Qxd4 39. Nf3 Qd3 40. Ne1 Qe2 41. Ng2 Kg6 42. b4 Qd3 43. Qe1 e5 44.
Qc1 Nc3 45. Kh2 Nb5 46. Qe1 Nd4 47. Qa1 Nc2 48. Qb2 Nxa3 49. Qa2 Nc4 0-1

[Event "*** SCC Grand Prix: Titled Tuesday Blitz"]
[Site "Chess.com"]
[Date "2020.08.11"]
[Round "2"]
[White "Na_binci"]
[Black "GMaka"]
[Result "0-1"]
[WhiteElo "1955"]
[BlackElo "2353"]
[TimeControl "180+1"]
[EndTime "10:19:23 PDT"]
[Termination "GMaka won on time"]

1. d4 Nf6 2. c4 g6 3. Nc3 d5 4.
cxd5 Nxd5 5. e4 Nxc3 6. bxc3 Bg7 7. Bg5 O-O 8. Rc1 c5 9. d5 h6 10. Be3 Qa5 11. Qd2 Kh7 12. h4 Nd7 13. h5 g5 14.
f4 gxf4 15. Bxf4 Ne5 16. Nf3 Ng4 17. Bd3 e5 18. dxe6 Bxe6 19. O-O c4 20. Bb1 Qxh5 21.
e5+ Kh8 22. Qc2 Qg6 23. Qd2 Bf5 24. Nh4 Bxb1 25. Nxg6+ Bxg6 26. Qd7 Nxe5 27. Qxb7 Nd3 28. Rcd1 Nxf4 29. Rxf4 Bd3 30. Qa6 f5 31. Re1 Rae8 32.
Rxe8 Rxe8 33. Qg6 Re1+ 34. Kh2 Re7 35. Rh4 f4 36. Qd6 Rf7 37. Qd8+ Rf8 38. Qd6 f3 39. gxf3 Rxf3 40. Qd8+ Kh7 41. Qd6 Rf2+ 42. Kg1 Rf6 43. Qd4 Rg6+ 44. Rg4 Bxd4+ 0-1

[Event "*** SCC Grand Prix: Titled Tuesday Blitz"]
[Site "Chess.com"]
[Date "2020.08.11"]
[Round "2"]
[White "peixe64"]
[Black "wild_cat99"]
[Result "1-0"]
[WhiteElo "2318"]
[BlackElo "2620"]
[TimeControl "180+1"]
[EndTime "10:19:24 PDT"]
[Termination "peixe64 won on time"]

1. e4 c5 2. Nf3 d6 3. d4 cxd4 4. Nxd4 Nf6 5. Nc3 a6 6. Be2 e6 7.
O-O b5 8. Bf3 Ra7 9. Re1 Be7 10.
Be3 Rc7 11. Nb3 Nbd7 12. a4 b4 13. Na2 Bb7 14. Nxb4 Qa8 15. Na5 Bxe4 16. c4 Bxf3 17. Qxf3 Qxf3 18. gxf3 O-O 19. Nbc6 Ne5 20. Nxe7+ Rxe7 21.
Kg2 Rc8 22. b3 Ng6 23. Red1 Nh4+ 24. Kh1 Nf5 25. b4 Rec7 26. b5 axb5 27. cxb5 Nd7 28. Nc6 d5 29. Bf4 Rb7 30. Rdc1 Ra8 31. Rcb1 f6 32.
a5 e5 33. Bd2 Nc5 34. a6 Rb6 35. Ba5 Rxc6 36. bxc6 Nxa6 37. Bb6 Rc8 38. Rxa6 Rxc6 39. Ra8+ Kf7 40. Ra7+ Kg6 41. Be3 Nh4 42. Rbb7 Nxf3 43. Rxg7+ Kf5 44. Kg2 e4 45. Ra1 d4 46. Bc1 Rc2 47.
Kg3 Re2 48. Rga7 1-0

[Event "*** SCC Grand Prix: Titled Tuesday Blitz"]
[Site "Chess.com"]
[Date "2020.08.11"]
[Round "2"]
[White "Andrii_Prydun"]
[Black "MoreChessJulia"]
[Result "1-0"]
[WhiteElo "2346"]
[BlackElo "1854"]
[TimeControl "180+1"]
[EndTime "10:19:24 PDT"]
[Termination "Andrii_Prydun won by resignation"]

1. d4 g6 2. h4 h5 3. Nc3 Bg7 4. Nf3 c5 5. dxc5 Bxc3+ 6. bxc3 Qa5 7. Qd4 Nf6 8. Qb4 Qc7 9. Bf4 Qd8 10. Rd1 Nc6 11.
Qa4 O-O 12. e4 Qa5 13. Qxa5 Nxa5 14. Bd3 b6 15. Bc7 Bb7 16. cxb6 axb6 17. Ng5 Rfc8 18. Bxb6 Rxc3 19. Bd4 Ra3 20. Bc5 Ra4 21. Bxe7 Nxe4 22.
O-O d5 23. a3 Nc4 24. Nxe4 dxe4 25. Bxc4 Rxc4 26. Rb1 Bc6 27. Rb6 Rxc2 28. Rfb1 e3 29. f3 Ra4 30. Bf6 Ra8 31. Rb8+ Kh7 32. Rxa8 Bxa8 33. Rb8 Rc1+ 34. Kh2 g5 35. Re8 gxh4 36. Bxh4 Rc3 37. Rxa8 Kg6 38. Ra5 e2 39. Re5 Rxa3 40. Rxe2 f6 41. Re4 Ra6 42. Rf4 Re6 43. Kg3 Ra6 44. Bxf6 Rxf6 45. Rxf6+ Kxf6 46. Kf4 Kg6 47. g4 h4 48. Ke3 Kg5 49. Kf2 Kf4 50. Kg2 Ke3 51.
Kh3 Kf4 52. Kxh4 1-0

[Event "*** SCC Grand Prix: Titled Tuesday Blitz"]
[Site "Chess.com"]
[Date "2020.08.11"]
[Round "2"]
[White "FairChess_on_YouTube"]
[Black "Roaccutane"]
[Result "1-0"]
[WhiteElo "2989"]
[BlackElo "2598"]
[TimeControl "180+1"]
[EndTime "10:19:25 PDT"]
[Termination "FairChess_on_YouTube won by resignation"]

1. d4 Nf6 2. c4 c5 3. Nf3 cxd4 4.
Nxd4 e5 5. Nb5 d6 6. Bg5 Be7 7. Bxf6 gxf6 8. g3 h5 9. Bg2 h4 10. N1c3 Nc6 11. Nd5 Kf8 12. e3 a6 13.
Nbc3 Be6 14. Qe2 Rc8 15. O-O f5 16. Rad1 e4 17. f4 hxg3 18. hxg3 Bf6 19. b3 Bxc3 20. Nxc3 Nb4 21. Rd4 Nd3 22. Rd1 Rg8 23. R1xd3 exd3 24. Qe1 b5 25. cxb5 axb5 26. Rxd3 Qa5 27. Kf2 b4 28. Na4 Rc2+ 29. Rd2 Qc7 30. Qe2 Rxd2 31. Qxd2 Bd7 32. Nb2 Bb5 33. Bf3 Qc3 34. Qxd6+ Kg7 35.
Nd1 Qc2+ 36. Ke1 Re8 37. Qxb4 Qd3 38. Qc3+ Qxc3+ 39. Nxc3 Rxe3+ 40. Kd2 Rd3+ 41. Kc2 Rxf3 42. Nxb5 Rxg3 43. a4 Rg2+ 44. Kc3 Rf2 45. a5 Rxf4 46. a6 Rh4 47. a7 Rh8 48. Nc7 f4 49. a8=Q Rxa8 50.
Nxa8 Kf6 51. Nb6 Ke6 52. Kd3 Kd6 53. Nc4+ Kc5 54. Nd2 Kb4 55. Ke4 Kc3 56. Kxf4 Kd4 57. Kf5 1-0

[Event "*** SCC Grand Prix: Titled Tuesday Blitz"]
[Site "Chess.com"]
[Date "2020.08.11"]
[Round "2"]
[White "Fighter008"]
[Black "kingofthenil"]
[Result "1-0"]
[WhiteElo "2679"]
[BlackElo "2451"]
[TimeControl "180+1"]
[EndTime "10:19:25 PDT"]
[Termination "Fighter008 won by checkmate"]

1. e4 Nc6 2. Nc3 d5 3. Nxd5 f5 4. d3 Nf6 5. Nxf6+ exf6 6. Be3 Bd6 7. Qd2 fxe4 8. dxe4 Qe7 9. f3 Bd7 10. O-O-O O-O-O 11. Bc4 Be6 12. Qe2 Kb8 13. Nh3 Bxh3 14. gxh3 g5 15. Kb1 Bf4 16. Bf2 Ne5 17. Bd5 c6 18. Bb3 Rxd1+ 19. Rxd1 Rd8 20. a3 Rxd1+ 21. Qxd1 Bxh2 22.
h4 Bf4 23. Ka2 Qd7 24. Qg1 b6 25. hxg5 fxg5 26. Qh1 Kb7 27. Qh5 Qe7 28. Bd4 Kb8 29.
Bc3 Qd7 30. Bg8 Kb7 31. Bxe5 Bxe5 32. Qxg5 Qc7 33. Qf5 h6 34. Bb3 Qe7 35. f4 Bg7 36. e5 Qf8 37. Qg6 Kc7 38. Bf7 Bh8 39. Be8 c5 40. Qc6+ Kb8 41. Bd7 Qd8 42. Be6 Qc7 43. Qe8+ Kb7 44. Bd5+ Ka6 45. Qa4# 1-0

[Event "*** SCC Grand Prix: Titled Tuesday Blitz"]
[Site "Chess.com"]
[Date "2020.08.11"]
[Round "2"]
[White "Korchmar_Vasiliy"]
[Black "SHIVACalypso"]
[Result "0-1"]
[WhiteElo "2599"]
[BlackElo "2313"]
[TimeControl "180+1"]
[EndTime "10:19:25 PDT"]
[Termination "SHIVACalypso won on time"]

1. e4 e6 2. d4 d5 3. exd5 exd5 4. Nf3 Nf6 5. Bd3 Bd6 6. Qe2+ Qe7 7. Qxe7+ Kxe7 8. O-O h6 9. Re1+ Be6 10. c4 c6 11. Nc3 Re8 12. c5 Bc7 13. b4 Nbd7 14. b5 Kf8 15. a4 Ba5 16. Bd2 Bg4 17. bxc6 bxc6 18. Ba6 Bxc3 19. Bxc3 Ne4 20. Ba5 Rab8 21.
Bc7 Rb2 22. Rab1 Rxb1 23. Rxb1 Bxf3 24. gxf3 Nd2 25. Rb7 Nf6 26. Kg2 Nh7 27. Bd6+ Kg8 28. Rb8 Rxb8 29. Bxb8 Nb3 30. Bxa7 Nxd4 31. Bb7 Ng5 32. a5 Nge6 33. a6 Nc7 34. Bb6 Nxa6 35. Bxa6 Kf8 36. Bc7 f6 37. Bd6+ Ke8 38. Bb7 Kd7 39.
Bf8 Ne6 40. Bd6 d4 41. Ba6 Ng5 42. Bd3 Nf7 43. Kg3 Nxd6 44. cxd6 Kxd6 45. Kf4 Kd5 46. Kf5 c5 47. Be4+ Kc4 48. Kg6 d3 49. Kxg7 Kc3 50. f4 d2 51. Bf3 Kc2 52. Kxf6 c4 53. Ke5 c3 54. Kd4 Kb2 0-1

[Event "*** SCC Grand Prix: Titled Tuesday Blitz"]
[Site "Chess.com"]
[Date "2020.08.11"]
[Round "2"]
[White "GiorgianBarbosa"]
[Black "pavelalexandru07"]
[Result "0-1"]
[WhiteElo "2402"]
[BlackElo "2208"]
[TimeControl "180+1"]
[EndTime "10:19:25 PDT"]
[Termination "pavelalexandru07 won by resignation"]

1. c4 Nf6 2. g3 c5 3. Bg2 g6 4. Nc3 Bg7 5. b3 O-O 6. Bb2 Nc6 7. Nf3 e6 8. d4 Qa5 9. O-O cxd4 10. Nxd4 Nxd4 11. Qxd4 Nd5 12. Qxg7+ Kxg7 13. Nxd5+ f6 14. Nf4 d6 15. g4 e5 16. Nd5 Bxg4 17. e3 Be6 18.
Bc3 Qd8 19. Rad1 Rc8 20. Rd2 Qd7 21. Rfd1 Bg4 22. Re1 Bh3 23. f4 Qg4 24. a4 Rce8 25.
Rf2 exf4 26. Nxf4 Bxg2 27. Rxg2 Qf5 28. Nd5 Qd3 29. Bd4 Re4 30. Bxa7 Qxb3 31. Bd4 Qxc4 32. Nxf6 Rxf6 33. Rf2 Re6 34. Ref1 Qxa4 35. Bxf6+ Kh6 36. Rf4 Re4 37. R4f3 Rg4+ 38. Kh1 Qe4 39. Bd4 d5 40. Rf2 b5 41. h3 Rg3 42. Kh2 Rxf3 43. Rg2 Rxe3 44. Bf6 Qxg2+ 45. Kxg2 Re4 46. h4 g5 47. Bxg5+ Kg6 48. Kf3 h6 49. Bd8 b4 50. Ba5 b3 51. Bc3 Rc4 52. Be5 Rc2 53. Ke3 b2 54. Kd3 b1=Q 0-1

[Event "*** SCC Grand Prix: Titled Tuesday Blitz"]
[Site "Chess.com"]
[Date "2020.08.11"]
[Round "2"]
[White "meoluoi91"]
[Black "youngKID"]
[Result "0-1"]
[WhiteElo "2490"]
[BlackElo "2731"]
[TimeControl "180+1"]
[EndTime "10:19:26 PDT"]
[Termination "youngKID won on time"]

1. d4 Nf6 2. Nf3 e6 3. e3 b6 4. Bd3 Bb7 5. O-O Be7 6. Qe2 d5 7. c4 O-O 8. Nc3 c5 9. cxd5 exd5 10. Ne5 Nc6 11. Nxc6 Bxc6 12. Rd1 c4 13. Bc2 b5 14. e4 b4 15. exd5 Nxd5 16. Ne4 Rc8 17. Qh5 f5 18.
Ng5 Bxg5 19. Bxg5 Qd7 20. Re1 a5 21. Qh3 Rf7 22. Re5 Rcf8 23. Rae1 h6 24. Bc1 a4 25. Re6 b3 26. axb3 axb3 27. Bb1 Rf6 28. R6e5 R6f7 29. Re6 Rf6 30. R6e5 R8f7 31. Qh5 Nb4 32. Bd2 Nc2 33. Bxc2 bxc2 34. Bc3 f4 35. Qe2 f3 36. Qxc4 fxg2 37. d5 Bb5 38. Qe4 Rxf2 0-1

[Event "*** SCC Grand Prix: Titled Tuesday Blitz"]
[Site "Chess.com"]
[Date "2020.08.11"]
[Round "2"]
[White "KaspMagAlpha"]
[Black "MrChampion_Coach"]
[Result "0-1"]
[WhiteElo "2212"]
[BlackElo "2431"]
[TimeControl "180+1"]
[EndTime "10:19:26 PDT"]
[Termination "MrChampion_Coach won by resignation"]

1. d4 Nf6 2. c4 e6 3. Nf3 d5 4. g3 dxc4 5. Bg2 a6 6. O-O Nc6 7. Nc3 Be7 8. Qa4 O-O 9. Qxc4 Bd7 10. Bf4 b5 11. Qd3 b4 12. Ne4 Nd5 13. Bd2 Na5 14.
Ne5 Bb5 15. Qf3 f6 16. Nd3 Nc4 17. Bc1 Nd6 18. Nec5 Qc8 19. Nxe6 Qxe6 20. Qxd5 Qxd5 21. Bxd5+ Nf7 22. Bxa8 Rxa8 23. Rd1 a5 24. Bf4 c6 25.
Rac1 g5 26. Bc7 a4 27. Bb6 g4 28. Bc5 Re8 29. e3 Ng5 30. Nxb4 Be2 31. Bxe7 Rxe7 32. Nxc6 Nh3+ 33. Kg2 Rd7 34. Rd2 Bf3+ 35. Kf1 Kf7 36. b4 axb3 37. axb3 Ng5 38. Ra2 Bd5 39. Ra7 Bxc6 40.
Rxd7+ Bxd7 41. Rc7 Ke7 42. b4 Kd6 43. Rc1 Nf3 44. Ke2 Bb5+ 45. Kd1 Bc6 46. Rc5 Ng5 47. b5 Bd5 48. b6 Ne6 49. Ra5 Nd8 50. Ra7 Nb7 51. Ra5 Kc6 52. Kd2 Nxa5 53. Kd3 f5 0-1

[Event "*** SCC Grand Prix: Titled Tuesday Blitz"]
[Site "Chess.com"]
[Date "2020.08.11"]
[Round "2"]
[White "jlandaw"]
[Black "adotand"]
[Result "0-1"]
[WhiteElo "2516"]
[BlackElo "2797"]
[TimeControl "180+1"]
[EndTime "10:19:27 PDT"]
[Termination "adotand won on time"]

1. e4 c5 2. Nc3 Nc6 3. g3 g6 4.
Bg2 Bg7 5. d3 e6 6. Be3 d6 7. f4 Nge7 8. Nf3 O-O 9. O-O Rb8 10. a3 b5 11. d4 cxd4 12. Nxd4 Ba6 13. Rf2 Qc7 14. Bf1 Nxd4 15. Bxd4 Nc6 16. Bxg7 Kxg7 17.
f5 h6 18. Bh3 Bc8 19. Qd3 Ne5 20. Qe2 Bd7 21. Rd1 Qc5 22. Kh1 a6 23. Rf4 Rbe8 24. f6+ Kh7 25. Bf1 Bc6 26. Qd2 g5 27. Rf2 d5 28.
exd5 exd5 29. Bg2 d4 30. Ne4 Bxe4 31. Bxe4+ Kh8 32. Qxd4 Qxd4 33. Rxd4 Ng4 34. Rf1 Ne3 35. Rf3 Nc4 36. b3 Ne5 37. Rf1 Rd8 38. Rd5 Rxd5 39. Bxd5 Rc8 40. c4 bxc4 41. bxc4 Kg8 42. Rc1 Nd7 43.
Bb7 Rc5 44. Bxa6 Nxf6 45. Bb5 Ne4 46. a4 Rc7 47. a5 Nc5 48. a6 Kf8 49. Ra1 Ra7 50.
Kg2 Ke7 51. Kf3 f5 52. Ra3 Kd6 53. Ke3 Ne6 54. Kd3 Kc5 55. Ra1 Nc7 56. Re1 Nxa6 0-1

[Event "*** SCC Grand Prix: Titled Tuesday Blitz"]
[Site "Chess.com"]
[Date "2020.08.11"]
[Round "2"]
[White "Alexander_Zubov"]
[Black "Fh2411"]
[Result "0-1"]
[WhiteElo "2815"]
[BlackElo "2565"]
[TimeControl "180+1"]
[EndTime "10:19:28 PDT"]
[Termination "Fh2411 won by resignation"]

1. d4 d5 2. Nf3 c6 3. c4 Nf6 4.
Qb3 Qb6 5. Nc3 Qxb3 6. axb3 Nbd7 7. Bf4 g6 8. e3 Bg7 9. b4 dxc4 10. Bxc4 Nb6 11. Bb3 Bd7 12. Ra5 O-O 13. b5 cxb5 14.
Nxb5 Bxb5 15. Rxb5 e6 16. Bd6 Rfc8 17. O-O Bf8 18. Be5 Nfd7 19. Bg3 a6 20. Ra5 Bb4 21. Ra2 Rc6 22. Ne1 Rac8 23. Nd3 Bd6 24. Rd1 Kf8 25. Kf1 Bxg3 26. hxg3 Ke7 27. Ke2 h5 28. e4 Nc4 29. Ba4 b5 30. Bb3 a5 31. Raa1 a4 32. Ba2 R6c7 33. Rac1 Ndb6 34. Rc2 Nd6 35.
Rxc7+ Rxc7 36. f3 Rc2+ 37. Rd2 Rxd2+ 38. Kxd2 f5 39. Nc5 Ndc4+ 40. Kc3 Ne3 41. Bxe6 fxe4 42. fxe4 Nxg2 43. Bh3 Ne3 44. Nd3 Nbc4 45. Kb4 Nd6 46.
e5 Ndf5 47. Kc5 Nxg3 48. d5 Nxd5 49. Kxd5 g5 50. Nb4 g4 51. Nc6+ Ke8 52. Bg2 h4 53. Kd6 Nf5+ 54. Ke6 h3 55. Be4 Ng7+ 56. Kf6 Nh5+ 57.
Kg5 g3 58. Nd4 g2 59. Bxg2 hxg2 60. Nf3 Ng3 61. Ng1 b4 62. Kf4 a3 63. bxa3 bxa3 64.
Kxg3 a2 65. Kxg2 a1=Q 66. Nf3 Qa4 67. Kg3 Qe4 0-1

[Event "*** SCC Grand Prix: Titled Tuesday Blitz"]
[Site "Chess.com"]
[Date "2020.08.11"]
[Round "2"]
[White "Gulkov_Igor"]
[Black "kleinebeer98"]
[Result "1/2-1/2"]
[WhiteElo "2417"]
[BlackElo "2660"]
[TimeControl "180+1"]
[EndTime "10:19:28 PDT"]
[Termination "Game drawn by repetition"]

1. Nf3 Nf6 2. c4 e6 3. Nc3 Bb4 4. Qc2 O-O 5. a3 Bxc3 6. Qxc3 c5 7. b4 b6 8. Bb2 Bb7 9. e3 d6 10. Be2 Nbd7 11. d4 cxd4 12. Qxd4 Qe7 13. O-O Rfd8 14. Rfd1 Nf8 15. Qh4 e5 16. c5 Ng6 17. Qg3 bxc5 18.
bxc5 Ne4 19. cxd6 Rxd6 20. Qg4 Rb6 21. Rab1 Rb8 22. Ba1 Bc6 23. Rxb6 axb6 24. h4 Nf6 25. Qf5 Bxf3 26. Bxf3 Nxh4 27. Qxe5 Nxf3+ 28. gxf3 Qb7 29.
Rd6 h6 30. Rxf6 gxf6 31. Qxf6 Kf8 32. Qxh6+ Ke8 33. Be5 Rc8 34. Qh8+ Kd7 35. Qf6 Qd5 36. Kg2 Rg8+ 37. Bg3 Rg6 38. Qc3 Ke7 39. Qc7+ Qd7 40. Qe5+ Re6 41. Qg5+ Ke8 42. Qg8+ Ke7 43. Bh4+ Kd6 44.
Bg3+ Kc6 45. Qg4 Qb7 46. Qc4+ Kd7 47. Qd4+ Ke8 48. Qh8+ Kd7 49. Qd4+ Ke8 50. Qh8+ Kd7 51. Qd4+ 1/2-1/2

[Event "*** SCC Grand Prix: Titled Tuesday Blitz"]
[Site "Chess.com"]
[Date "2020.08.11"]
[Round "2"]
[White "tsvet2005"]
[Black "Fortitudine"]
[Result "1-0"]
[WhiteElo "2569"]
[BlackElo "2268"]
[TimeControl "180+1"]
[EndTime "10:19:28 PDT"]
[Termination "tsvet2005 won by resignation"]

1. d4 Nf6 2. c4 c5 3. d5 b5 4. cxb5 a6 5. bxa6 g6 6. Nc3 Bg7 7. e4 O-O 8. a7 Rxa7 9. Nf3 d6 10. Be2 Na6 11. O-O Nc7 12. a4 Ba6 13. Nd2 Nd7 14. Bxa6 Rxa6 15. Qe2 Qb8 16. Ra3 Qa8 17. Nc4 Nb6 18.
Bg5 Nxc4 19. Qxc4 Re8 20. b4 cxb4 21. Qxb4 Ra7 22. Rb1 Na6 23. Qb3 Nc5 24. Qc2 Rb8 25. Rxb8+ Qxb8 26. Nb5 Rb7 27. h3 h6 28. Be3 Nd7 29. Nd4 Rb2 30. Rb3 Rxb3 31. Qxb3 Bxd4 32. Qxb8+ Nxb8 33. Bxd4 Kf8 34. Kf1 Ke8 35. Ke2 Kd7 36.
g4 h5 37. f4 hxg4 38. hxg4 e6 39. dxe6+ fxe6 40. Kd3 Kc6 41. Kc4 Na6 42. g5 d5+ 43.
exd5+ exd5+ 44. Kd3 Nb4+ 45. Kc3 Na6 46. f5 Nc7 47. fxg6 1-0

[Event "*** SCC Grand Prix: Titled Tuesday Blitz"]
[Site "Chess.com"]
[Date "2020.08.11"]
[Round "2"]
[White "NoboaKevin1999"]
[Black "Kaliopa"]
[Result "1-0"]
[WhiteElo "2423"]
[BlackElo "2194"]
[TimeControl "180+1"]
[EndTime "10:19:28 PDT"]
[Termination "NoboaKevin1999 won by checkmate"]

1. d4 d5 2. c4 dxc4 3. Nf3 Nf6 4.
e3 Bg4 5. Bxc4 e6 6. O-O a6 7. Nc3 Nc6 8. Be2 Bd6 9. h3 Bh5 10.
Bd2 O-O 11. Rc1 Re8 12. Na4 e5 13. Nxe5 Bxe2 14. Qxe2 Nxe5 15. dxe5 Bxe5 16. Bc3 Bxc3 17. Nxc3 Qe7 18. Rfd1 Rad8 19. a3 h6 20. Rxd8 Rxd8 21.
Rd1 Rd6 22. Rxd6 Qxd6 23. Qc4 c5 24. b4 cxb4 25. axb4 Qd7 26. Qc5 g6 27. b5 axb5 28. Nxb5 Qc6 29. Qe5 Ne4 30. f3 Nc5 31. Nd4 Qc8 32.
h4 Nd3 33. Qe4 Qc1+ 34. Kh2 Qc7+ 35. Kg1 Nc5 36. Qd5 b6 37. h5 Qd7 38. Qa8+ Kg7 39. hxg6 fxg6 40. Qb8 Qb7 41. Qe5+ Kh7 42. f4 Qd7 43. f5 gxf5 44. Nxf5 Nd3 45. Qf6 Nc5 46. Qxh6+ Kg8 47. Qg6+ Kf8 48. Qf6+ Kg8 49. Ne7+ Kh7 50. Qg6+ Kh8 51. Qg8# 1-0

[Event "*** SCC Grand Prix: Titled Tuesday Blitz"]
[Site "Chess.com"]
[Date "2020.08.11"]
[Round "2"]
[White "mishanick"]
[Black "gross-aleks"]
[Result "0-1"]
[WhiteElo "2989"]
[BlackElo "2619"]
[TimeControl "180+1"]
[EndTime "10:19:31 PDT"]
[Termination "gross-aleks won by resignation"]

1. d4 Nf6 2. c4 e6 3. Nf3 b6 4. g3 Ba6 5. Qc2 c5 6. d5 d6 7. e4 e5 8. Nc3 Be7 9. Bd3 O-O 10. Be3 Bc8 11. h3 Na6 12. a3 h6 13. Nh4 Nh7 14. Nf5 Bxf5 15. exf5 Bg5 16. Bxg5 Nxg5 17. Qe2 Re8 18. Be4 Nc7 19. h4 Nh7 20. g4 a6 21. f3 b5 22. Kf2 bxc4 23. a4 Rb8 24. Rag1 f6 25. Ke3 Rb3 26. Rg2 Qb8 27. Qxc4 Qb4 28. Bd3 Rb8 29. Rc1 Qxc4 30. Bxc4 Rxb2 31. Rxb2 Rxb2 32. Ne4 Ne8 33. Bxa6 Kf7 34.
Bb5 Nf8 35. Bxe8+ Kxe8 36. Nxd6+ Kd7 37. Ne4 Rb3+ 38. Kf2 c4 39. Nc5+ Kd8 40. Nxb3 cxb3 41. Rb1 Nd7 42. Rxb3 Nc5 43. Rb4 Nd3+ 44. Ke3 Nxb4 45.
Ke4 Kd7 46. a5 Kd6 47. g5 hxg5 48. hxg5 fxg5 49. f6 gxf6 50. Kf5 Nxd5 51. a6 Ke7 52. a7 Nc7 53. Ke4 Ke6 54. Kd3 f5 55. Kc4 g4 56.
fxg4 fxg4 57. Kc5 Kd7 58. Kb6 g3 59. a8=Q Nxa8+ 0-1

[Event "*** SCC Grand Prix: Titled Tuesday Blitz"]
[Site "Chess.com"]
[Date "2020.08.11"]
[Round "2"]
[White "Grieve72"]
[Black "creativity"]
[Result "1-0"]
[WhiteElo "2354"]
[BlackElo "1962"]
[TimeControl "180+1"]
[EndTime "10:19:31 PDT"]
[Termination "Grieve72 won on time"]

1. e4 e5 2. Nf3 Nc6 3. Bc4 Nf6 4. d3 Be7 5. O-O O-O 6. Re1 d6 7. a4 h6 8. a5 a6 9. c3 Nh7 10. Be3 Ng5 11. Nbd2 Bg4 12. h3 Nxf3+ 13. Nxf3 Bxf3 14. Qxf3 Bg5 15. b4 Bxe3 16. Rxe3 Qh4 17. Kh2 Ne7 18.
g3 Qg5 19. h4 Qg6 20. g4 Kh8 21. Rg1 Ng8 22. Qf5 Nf6 23. h5 Qxf5 24. exf5 Nh7 25.
Bb3 Rae8 26. Rge1 Ng5 27. Kg3 b6 28. axb6 cxb6 29. Ra1 Rc8 30. c4 b5 31. f4 exf4+ 32. Kxf4 bxc4 33. Bxc4 d5 34. Bxd5 Rb8 35. Rxa6 Rxb4+ 36. Bc4 Rd8 37. Ra7 f6 38. Ree7 Rxc4+ 39. dxc4 Rd4+ 40. Ke3 Rd8 41. Rxg7 Re8+ 42. Rge7 Rc8 43. c5 Rd8 44. c6 Rc8 45. Rad7 Nh3 46. Rh7+ Kg8 47.
Rdg7+ 1-0